 Dungeon Crawl Stone Soup version 0.24.0-37-gcf1ca852f1 (webtiles) character file.

Game seed: 16998628819540067836, levelgen mode: deterministic

204 Delamore the Chopper (level 5, -3/45 HPs)
             Began as a Hill Orc Fighter on Dec 1, 2019.
             Slain by an ogre
             ... wielding a +0 giant spiked club
              (8 damage)
             ... on level 3 of the Dungeon.
             The game lasted 00:03:38 (2560 turns).

Delamore the Chopper (Hill Orc Fighter)             Turns: 2560, Time: 00:03:39

Health: -3/45      AC: 12    Str: 20    XL:     5   Next: 82%
Magic:  5/5        EV:  3    Int:  8    God:
Gold:   247        SH:  9    Dex: 10    Spells: 4/4 levels left

rFire    . . .     SeeInvis .   a - +0 war axe
rCold    . . .     Gourm    .   c - +0 shield
rNeg     . . .     Faith    .   m - +0 plate armour
rPois    .         Spirit   .   o - +0 helmet
rElec    .         Reflect  .   (no cloak)
rCorr    .         Harm     .   (no gloves)
MR       .....                  (no boots)
Stlth    ..........             (no amulet)
HPRegen  0.15/turn              (no ring)
MPRegen  0.09/turn              (no ring)

@: flying
A: no striking features
a: no special abilities


You were on level 3 of the Dungeon.
You were hungry.

You visited 1 branch of the dungeon, and saw 4 of its levels.

You collected 247 gold pieces.

Inventory:

Hand Weapons
 a - a +0 war axe (weapon)
Missiles
 l - 12 poisoned darts (quivered)
 s - 2 silver boomerangs
Armour
 b - a +0 scale mail
 c - a +0 shield (worn)
 m - a +0 plate armour (worn)
 o - a +0 helmet (worn)
Wands
 v - a wand of acid (8)
Scrolls
 e - a scroll of blinking {unknown}
 i - 6 scrolls of identify {unknown}
 j - 3 scrolls of remove curse {unknown}
 q - a scroll of teleportation {unknown}
Potions
 d - 3 potions of might
 g - a potion of flight
 h - a potion of brilliance {unknown}
 k - a potion of lignification {unknown}
 n - a potion of heal wounds {unknown}
 p - 2 potions of agility {unknown}
 r - a potion of ambrosia {unknown}
 t - a potion of mutation {unknown}
 u - 2 potions of curing {unknown}
Comestibles
 f - 6 rations


   Skills:
 - Level 3.6 Fighting
 + Level 7.7 Axes
 - Level 3.2 Armour
 - Level 3.2 Shields


You had 4 spell levels left.
You didn't know any spells.
Your spell library was empty.

Dungeon Overview and Level Annotations

Branches:
Dungeon (4/15)
 Temple: D:4-7

Altars:
Cheibriados
Gozag
Uskayaw


Message History

The orc wizard flickers and vanishes!
Deactivating autopickup; reactivate with Ctrl-A.
You are feeling hungry.
You hit the ogre but do no damage.
The ogre is lightly wounded.
You block the ogre's attack.
You hit the ogre but do no damage.
The ogre is lightly wounded.
The ogre hits you but does no damage.
The ogre hits you with a +0 giant spiked club!!
Ouch! That really hurt!
* * * LOW HITPOINT WARNING * * *
You climb upwards.
Reactivating autopickup.
There is a stone staircase leading down here.
It was a potion of flight.
You feel very buoyant.
You fly up into the air.
The ogre hits you with a +0 giant spiked club!
You die...

##......................##
#####.........................
#...............#.............
####.###...........#...........#.
......##.#######.#.#...........#.
#####...........)..............#.
####.#######.>###............
###.# #O...###.#..###..# #...#
#@.......#..###... #.###
#.#.)##........... #.#
###..........^#..... #####.#####
#...._).............
#.........###.#........#...)....
#.........##..#........##.......
##............##.###...####..)...
#..........####......### ##.)...
#..........####..##### #.)...


You could see an ogre.

Vanquished Creatures
  An orc priest (D:3)
  An orc wizard (D:3)
  Robin (D:2)
  4 adders
  4 oozes
  A dart slug (D:2)
  2 worms (D:2)
  2 leopard geckos
  5 orcs
  3 bats
  3 giant cockroaches
  15 goblins
  10 hobgoblins
  7 jackals
  2 kobolds
  A quokka (D:2)
  4 frilled lizards
  5 rats
71 creatures vanquished.

Notes
Turn   | Place    | Note
-------+----------+-------------------------------------------
     0 | D:1      | Delamore the Hill Orc Fighter began the quest for the Orb.
     0 | D:1      | Reached XP level 1. HP: 19/19 MP: 1/1
    95 | D:1      | Reached skill level 3 in Axes
   402 | D:1      | Reached XP level 2. HP: 26/26 MP: 2/2
   662 | D:1      | Reached skill level 4 in Axes
  1196 | D:2      | Reached XP level 3. HP: 31/31 MP: 3/3
  1350 | D:2      | Noticed Robin
  1356 | D:2      | Reached skill level 5 in Axes
  1367 | D:2      | Killed Robin
  1368 | D:2      | Reached XP level 4. HP: 13/39 MP: 4/4
  1676 | D:2      | Reached skill level 6 in Axes
  1954 | D:3      | Found a hide-covered altar of Uskayaw.
  1974 | D:3      | Reached XP level 5. HP: 42/45 MP: 5/5
  2011 | D:3      | Found a snail-covered altar of Cheibriados.
  2067 | D:3      | Reached skill level 7 in Axes
  2370 | D:3      | Found an opulent altar of Gozag.
  2534 | D:4      | Noticed an ogre
  2560 | D:3      | Slain by an ogre

Levels and vault maps discovered:
D:1:      erik_arrival_cave_to_civilisation [erik_arrival_cave_to_hall],
          layout_basic, minmay_octomino_j4
D:2:      layout_rooms, first_ration, uniq_robin
D:3:      layout_rooms, overflow_temple_1_default, grunt_gozag_statues,
          cheibriados_altar_1
D:4:      minmay_recursive_quarters, layout_basic, marbit_many_paths,
          uniq_sigmund

Skill      XL: |  1  2  3  4  5 |
---------------+----------------+-----
Axes           | 3 4 5 6 7 |  7.7
Fighting       | |  3.6
Armour         | |  3.2
Shields        | |  3.2

Action                   |  1- 3 |  4- 6 || total
-------------------------+-------+-------++-------
Melee: War axe           |    76 |   116 ||   192
  Use: Potion            |       |     1 ||     1
  Eat: Chunk             |     1 |     4 ||     5
Armor: Scale mail        |    13 |       ||    13
       Plate armour      |    40 |    95 ||   135
Dodge: Dodged            |    17 |    19 ||    36
Block: Shield            |    32 |    55 ||    87
